 Dungeon Crawl Stone Soup version 0.17-a0-124-gc3c9679 (console) character file.

10528 Kellhus the Carver (level 11, -24/84 HPs)
             Began as a Mummy Chaos Knight on Mar 22, 2015.
             Annihilated by a reaper
             ... wielding a +4 vampiric scythe
             ... summoned by the severe capriciousness of Xom
              (34 damage)
             ... on level 2 of the Lair of Beasts.
             The game lasted 00:35:47 (17224 turns).

Kellhus the Carver (Mummy Chaos Knight)            Turns: 17224, Time: 00:35:49

Health: -24/84     AC: 21    Str: 18    XL:     11   Next: 37%
Magic:  11/11      EV:  5    Int: 11    God:    Xom [......]
Gold:   551        SH:  0    Dex: 11    Spells: 0 memorised, 10 levels left

rFire  . . .     SeeInvis .     a - +0 scimitar
rCold  . . .     Clarity  .     i - +0 plate armour
rNeg   + + +     SustAb   .     (no shield)
rPois  ∞         Gourm    .     G - +2 helmet
rElec  .         Spirit   .     I - +2 cloak {MR+}
rCorr  .         Warding  .     l - +0 pair of gloves
rMut   .         Stasis   .     s - +0 pair of boots
MR     ++...                    r - amulet of faith
Stlth  ..........               m - ring of fire
                                C - +2 ring of slaying

@: about to teleport, very resistant to hostile enchantments, extremely
unstealthy
A: no food or potions, fire vulnerability, restore body, cold resistance 1,
negative energy resistance 3, poison resistance, torment resistance, unbreathing
a: Renounce Religion


You were on level 2 of the Lair of Beasts.
You worshipped Xom.
You were a very special plaything of Xom.
You were not hungry.

You visited 2 branches of the dungeon, and saw 11 of its levels.

You collected 639 gold pieces.
You spent 88 gold pieces at shops.

Inventory:

Hand weapons
 a - a +0 scimitar (weapon)
 b - a +0 dagger of venom
 o - a +0 falchion of chaos
 t - a +0 long sword
 u - a +0 lajatang
 y - a +2 spear of flaming
 F - the +5 mace of Defence by Offence {freeze, rPois rF+ rN+}
   (You took it off an orc on level 6 of the Dungeon)

   It has been specially enchanted to freeze those struck by it, causing extra
   injury to most foes and up to half again as much damage against particularly
   susceptible opponents.
   It can also slow down cold-blooded creatures.
   It protects you from fire.
   It protects you from poison.
   It protects you from negative energy.
 K - a +1 long sword
 L - a cursed +0 great sword
Missiles
 k - 6 javelins (quivered)
Armour
 i - a +0 plate armour (worn)
 j - a +2 leather armour
 l - a +0 pair of gloves (worn)
 s - a +0 pair of boots (worn)
 D - a cursed +0 robe
 G - a +2 helmet (worn)
 I - a +2 cloak of magic resistance (worn)
Jewellery
 e - a +1 ring of protection
 m - a ring of fire (right hand)
 r - an amulet of faith (around neck)
 C - a +2 ring of slaying (left hand)
 E - an uncursed ring of wizardry
Magical devices
 d - a wand of fireball (8)
 f - a wand of teleportation (2)
 v - a wand of random effects (17)
 w - a wand of magic darts (0)
 z - a wand of teleportation (0)
 B - a wand of fireball (8)
 J - a wand of paralysis (14)
 O - a wand of cold (0)
Scrolls
 c - 4 scrolls of magic mapping
 h - 2 scrolls of enchant weapon
 n - 3 scrolls of identify
 q - a scroll of amnesia
 x - a scroll of noise
 H - 4 scrolls of remove curse
 M - a scroll of fear
Books
 g - a book of the Dragon

   Spells                             Type                      Level
   a - Flight                         Charms/Air                   3
   b - Cause Fear                     Hexes                        4
   c - Bolt of Fire                   Conjuration/Fire             6
   d - Dragon Form                    Transmutation                7
   e - Dragon's Call                  Summoning                    9
 p - a Young Poisoner's Handbook

   Spells                             Type                      Level
   a - Sting                          Conjuration/Poison           1
   b - Cure Poison                    Poison                       2
   c - Mephitic Cloud                 Conjuration/Poison/Air       3
   d - Olgreb's Toxic Radiance        Poison                       4
   e - Venom Bolt                     Conjuration/Poison           5
 A - Vanaanan's Reference Book on Unholy Rites
   (You found it on level 4 of the Dungeon)

   Spells                             Type                      Level
   a - Animate Skeleton               Necromancy                   1
   b - Pain                           Necromancy                   1
   c - Corpse Rot                     Necromancy                   2
   d - Agony                          Necromancy                   5
   e - Cigotuvi's Embrace             Necromancy                   5
   f - Simulacrum                     Ice/Necromancy               6
 N - a book of Envenomations

   Spells                             Type                      Level
   a - Spider Form                    Transmutation/Poison         3
   b - Alistair's Intoxication        Transmutation/Poison         4
   c - Olgreb's Toxic Radiance        Poison                       4
   d - Poisonous Cloud                Conjuration/Poison/Air       6


   Skills:
 - Level 7.0 Fighting
 - Level 14.0 Long Blades
 + Level 5.1 Armour
 - Level 0.7 Dodging


You had 10 spell levels left.
You didn't know any spells.

Dungeon Overview and Level Annotations

Branches:
Dungeon (9/15)             Temple (0/1) D:5            Lair (2/8) D:9
    Orc: D:9-12

Altars:
Cheibriados
Fedhas
Nemelex Xobeh
Qazlal
Trog
Vehumet
Zin

Shops:
D:5 *?:

Annotations:
D:5 exclusion: downstairs


Innate Abilities, Weirdness & Mutations

You do not eat or drink.
Your flesh is vulnerable to fire.
Your flesh is cold resistant.
You are immune to negative energy.
Your system is resistant to poisons.
You are immune to unholy pain and torment.
You can survive without breathing.


Message History

The spiny frog is heavily wounded.
Xom giggles.
Death has come for you...
Press: ? - help, v - describe, . - travel
Here: a reaper, wielding a vampiric scythe (summoned)
The floor.
Read which item? (? for menu, Esc to quit)
Okay, then.
Evoke which item? (* to show all) (? for menu, Esc to quit)
Zapping:
f - a wand of teleportation (3)
Press: ? - help, Shift-Dir - straight line, f - you, p - five-headed hydra You feel strangely unstable.
This wand has 2 charges left.
The spiny frog stings you!
The reaper hits you from afar with a vampiric scythe!!!
* * * LOW HITPOINT WARNING * * *
You emit a cloud of colourful smoke!
The spiny frog stings you but does no damage.
The reaper hits you from afar with a vampiric scythe!!
You die...
Xom laughs nastily!

.. . ## ..#. . ###.#### .#.#.#.
###......# ...... $( .......# .
#P..#####.# #P.#..## ##..##
#..##.#.######..#.... ....#
#.2......P##......... #...#
#§§§@.......)...#.#.# ##...#
#PF#.#..####......#..
#....####D####..#.##....#..P
#...#.#.§.#................
#>P##...D..........##.#...#....
#...:.......P...........P##..##
#####..##[...#....###.....#..P#
##. ###..#.#..# #..P..##.## .D
#.##....##..###††.#..


You could see a reaper and a spiny frog.

Vanquished Creatures
  A griffon (Lair:2)
  Maurice (D:7)
  2 spiny frogs
  A troll (D:8)
  A spriggan (D:8)
  3 yaks (D:7)
  4 hippogriffs
  Edmund (D:8)
  A small abomination (D:8)
  A porcupine (Lair:2)
  4 water moccasins
  A dwarf (D:4)
  6 ogres
  2 orc warriors
  3 phantoms
  2 black bears
  A necrophage (D:7)
  3 centaurs
  An ice beast (D:6)
  An ogre (shapeshifter) (D:8)
  7 sky beasts
  A wasp (D:8)
  3 crocodiles
  An eye of draining (D:9)
  8 giant frogs
  2 wyvern zombies (D:7)
  4 jellies
  A wyvern skeleton (D:8)
  5 scorpions
  5 wights (D:9)
  3 crimson imps
  5 orc priests
  A quasit (D:7)
  2 centaur zombies
  6 hounds
  A centaur skeleton (D:7)
  9 orc wizards
  Natasha (thrice) (D:3)
  An iron imp (D:7)
  5 iguanas
  13 worker ants
  Ijyb (D:4)
  A hound skeleton (D:5)
  10 adders
  11 gnolls
  2 giant mites (D:8)
  2 shadow imps
  A worm (D:3)
  2 ufetubi
  An adder zombie (D:6)
  2 adder skeletons
  4 giant geckos
  An ooze (D:1)
  29 orcs
  4 ball pythons
  A bat skeleton (D:6)
  5 giant cockroaches
  17 hobgoblins
  13 jackals
  14 kobolds
  17 bats
  A giant gecko skeleton (D:5)
  2 giant newts
  16 goblins
  6 quokkas
  A quokka skeleton (D:4)
  A quokka zombie (D:5)
  16 rats
  3 ballistomycetes (D:8)
310 creatures vanquished.

Vanquished Creatures (collateral kills)
  A komodo dragon (Lair:1)
  An orc wizard (D:5)
  2 orcs (D:5)
4 creatures vanquished.

Vanquished Creatures (others)
  An ufetubus (D:4)
  3 giant spores (D:8)
  A ballistomycete (D:8)
5 creatures vanquished.

Grand Total: 319 creatures vanquished

Notes
Turn   | Place    | Note
--------------------------------------------------------------
     0 | D:1      | Kellhus, the Mummy Chaos Knight, began the quest for the Orb.
     0 | D:1      | Reached XP level 1. HP: 18/18 MP: 1/1
    32 | D:1      | XOM: butterfly on damage
    85 | D:1      | XOM: harmless Hex miscast
   176 | D:1      | XOM: smoke on damage
   301 | D:1      | Reached XP level 2. HP: 21/24 MP: 2/2
   458 | D:1      | XOM: confuse monster(s)
   715 | D:1      | Reached XP level 3. HP: 29/29 MP: 3/3
  1307 | D:2      | Found a blossoming altar of Fedhas.
  1392 | D:2      | Found a radiant altar of Vehumet.
  1406 | D:2      | XOM is BORED!
  1406 | D:2      | XOM: summons 1 hostile demon
  1525 | D:2      | Reached skill level 4 in Long Blades
  1525 | D:2      | Reached XP level 4. HP: 27/35 MP: 4/4
  1550 | D:2      | XOM: mild Hex miscast
  1692 | D:2      | Found a snail-covered altar of Cheibriados.
  2075 | D:3      | XOM: confusion (+ monsters)
  2207 | D:3      | Noticed a centaur
  2212 | D:3      | Noticed a giant frog
  2220 | D:3      | XOM: 6-stop teleportation journey
  2376 | D:3      | Noticed Natasha
  2393 | D:3      | XOM: polymorph crimson imp -> shadow imp
  2396 | D:3      | Killed Natasha
  2396 | D:3      | Reached XP level 5. HP: 30/41 MP: 5/5
  2542 | D:3      | Killed a centaur
  2542 | D:3      | Reached skill level 5 in Long Blades
  2676 | D:3      | XOM: colour smoke trail
  2850 | D:3      | Noticed Natasha
  2858 | D:3      | XOM: destruction
  2865 | D:3      | Killed Natasha
  2899 | D:3      | XOM: confuse monster(s)
  2900 | D:3      | XOM: medium Conj miscast
  2906 | D:3      | Killed a giant frog
  2906 | D:3      | Reached XP level 6. HP: 9/47 MP: 6/6
  3030 | D:3      | XOM: god gift: amethyst potion
  3104 | D:3      | XOM: harmless Tloc miscast
  3209 | D:3      | Noticed Natasha
  3218 | D:3      | Killed Natasha
  3265 | D:4      | Found a stormy altar of Qazlal.
  3465 | D:4      | XOM: summons friendly ufetubus
  3476 | D:4      | Reached skill level 6 in Long Blades
  3543 | D:4      | XOM: divination: detect creatures
  3636 | D:4      | XOM: blink monster(s)
  3673 | D:4      | Identified Vanaanan's Reference Book on Unholy Rites
  3760 | D:4      | Reached XP level 7. HP: 35/52 MP: 7/7
  3775 | D:4      | Found a bloodstained altar of Trog.
  3775 | D:4      | XOM: 8-stop teleportation journey
  3783 | D:4      | XOM: noise
  3862 | D:4      | Found a sparkling altar of Nemelex Xobeh.
  4048 | D:5      | Entered Level 5 of the Dungeon
  4058 | D:5      | Found Ezxu's Assorted Antiques.
  4321 | D:5      | XOM: cast spell 'Dispersal'
  4329 | D:5      | Reached skill level 7 in Long Blades
  4448 | D:5      | Found Qypu's Book Emporium.
  4580 | D:5      | XOM: medium Fire miscast
  4655 | D:5      | XOM: medium Summ miscast
  4723 | D:5      | XOM: vitrification
  4754 | D:5      | XOM: swap monsters
  4763 | D:5      | Found a staircase to the Ecumenical Temple.
  4794 | D:5      | XOM: cast spell 'Monstrous Menagerie'
  4970 | D:5      | Noticed Ijyb
  4974 | D:5      | XOM: swap monsters
  5017 | D:5      | XOM: enchant monster (good)
  5054 | D:4      | Killed Ijyb
  5412 | D:4      | Found a stormy altar of Qazlal.
  5415 | D:4      | Found a sparkling altar of Nemelex Xobeh.
  5416 | D:4      | Found a bloodstained altar of Trog.
  5497 | D:4      | XOM: vitrification
  5824 | D:4      | Found a stormy altar of Qazlal.
  5831 | D:4      | Found a sparkling altar of Nemelex Xobeh.
  5832 | D:4      | Found a bloodstained altar of Trog.
  6081 | D:5      | Found Jimyk's Magic Scroll Shop.
  6217 | D:5      | XOM: repel stairs
  6228 | D:5      | Reached skill level 8 in Long Blades
  6386 | D:5      | Bought a scroll of identify for 22 gold pieces
  6431 | D:5      | Reached XP level 8. HP: 34/58 MP: 8/8
  7122 | D:6      | XOM: harmless Erth miscast
  7125 | D:6      | XOM: confuse monster(s)
  7140 | D:6      | Reached skill level 9 in Long Blades
  7146 | D:6      | XOM: summons 1 hostile demon
  7386 | D:6      | XOM: cast spell 'Death Channel'
  7588 | D:6      | XOM: chaos upgrade
  7604 | D:6      | XOM: enchant monster (bad)
  7606 | D:6      | XOM: polymorph adder -> jelly
  7611 | D:6      | XOM: potion effect (experience)
  7611 | D:6      | Reached skill level 13 in Long Blades
  7611 | D:6      | Reached XP level 9. HP: 40/63 MP: 9/9
  7618 | D:6      | XOM: blink monster(s)
  7754 | D:5      | XOM: harmless Pois miscast
  7950 | D:6      | XOM: smoke on damage
  8336 | D:6      | Got a bloodstained mace {freeze}
  8337 | D:6      | Identified the +5 mace of Defence by Offence {freeze, rPois rF+ rN+} (You took it off an orc on level 6 of the Dungeon)
  8504 | D:6      | XOM: confuse monster(s)
  8948 | D:6      | XOM: harmless Divn miscast
  9064 | D:7      | XOM: vitrification
  9121 | D:7      | XOM: 4-stop teleportation journey
  9169 | D:7      | XOM: divination: detect items
  9289 | D:7      | XOM: 3-stop teleportation journey
  9462 | D:7      | XOM: god gift: bread ration
  9637 | D:7      | XOM: harmless Necr miscast
  9671 | D:7      | Found a glowing silver altar of Zin.
  9672 | D:7      | Noticed an angel
  9808 | D:7      | XOM: mild Necr miscast
  9814 | D:7      | XOM: silly message
  9894 | D:7      | XOM: silly message
  9959 | D:7      | XOM: silly message
 10043 | D:7      | Reached XP level 10. HP: 69/71 MP: 10/10
 10087 | D:7      | XOM: 8-stop teleportation journey
 10247 | D:5      | Bought a scroll of remove curse for 33 gold pieces
 10247 | D:5      | Bought a scroll of remove curse for 33 gold pieces
 10287 | D:7      | XOM: 5-stop teleportation journey
 10363 | D:7      | XOM: destruction
 10377 | D:7      | XOM: confuse monster(s)
 10379 | D:7      | XOM: harmless Fire miscast
 10395 | D:7      | XOM: fog
 10403 | D:7      | Reached skill level 5 in Fighting
 10850 | D:7      | XOM: divination: detect creatures
 10917 | D:7      | XOM: mild Necr miscast
 10931 | D:7      | XOM: enchant monster (bad)
 11206 | D:7      | XOM: colour smoke trail
 11229 | D:7      | XOM: noise
 11396 | D:8      | XOM: harmless Erth miscast
 11414 | D:8      | Noticed Maurice
 11424 | D:8      | XOM: mild Chrm miscast
 11426 | D:8      | XOM: harmless Fire miscast
 11431 | D:8      | XOM: polymorph orc -> gnoll
 11434 | D:8      | XOM: stat loss: -1 Str (17/18)
 11497 | D:7      | Killed Maurice
 11594 | D:7      | XOM: vitrification
 11682 | D:7      | XOM: summons 4 hostile demons
 11690 | D:7      | XOM: colour smoke trail
 11849 | D:7      | XOM: god gift: 17 arrows of frost
 12077 | D:7      | XOM: mild Conj miscast
 12102 | D:7      | Found a glowing silver altar of Zin.
 12218 | D:7      | XOM: scenery: 1 doors open, 1 doors close
 12336 | D:7      | XOM: scenery: 1 doors close
 12881 | D:8      | Noticed Edmund
 12890 | D:8      | XOM: enchant monster (good)
 12893 | D:8      | Killed Edmund
 12965 | D:8      | Noticed an elephant
 12965 | D:8      | a boring beetle changed into an elephant
 12966 | D:8      | an elephant changed into an elf
 12968 | D:8      | Noticed a swamp dragon
 12968 | D:8      | an elf changed into a swamp dragon
 12970 | D:8      | Noticed a salamander
 12970 | D:8      | a swamp dragon changed into a salamander
 12975 | D:8      | Noticed a cyclops
 12975 | D:8      | a salamander changed into a cyclops
 12977 | D:8      | Noticed a fire crab
 12977 | D:8      | a cyclops changed into a fire crab
 12979 | D:8      | Noticed a salamander
 12979 | D:8      | a fire crab changed into a salamander
 13068 | D:8      | XOM: harmless Divn miscast
 13176 | D:8      | XOM: blink monster(s)
 13288 | D:8      | Reached skill level 14 in Long Blades
 13363 | D:8      | XOM: harmless Trmt miscast
 13384 | D:8      | XOM: chaos upgrade
 13492 | D:8      | XOM: vitrification
 13804 | D:8      | XOM: medium Summ miscast
 14110 | D:8      | XOM: harmless Ice miscast
 14244 | D:8      | XOM: silly message
 14285 | D:9      | XOM: silly message
 14357 | D:9      | XOM: confusion (+ monsters)
 14449 | D:9      | XOM: noise
 14709 | D:9      | XOM: confuse monster(s)
 14711 | D:9      | XOM: chaos upgrade
 14718 | D:9      | XOM: mild Necr miscast
 14764 | D:9      | XOM: medium Ice miscast
 14792 | D:9      | Reached XP level 11. HP: 31/83 MP: 11/11
 14980 | D:9      | XOM: harmless Air miscast
 15034 | D:9      | Found a staircase to the Lair.
 15073 | D:9      | XOM: confusion (+ monsters)
 15211 | D:9      | XOM: noise
 15222 | D:9      | Noticed a hill giant
 15227 | Lair:1   | Entered Level 1 of the Lair of Beasts
 15352 | Lair:1   | XOM: 2-stop teleportation journey
 15382 | Lair:1   | XOM: scenery: 2 doors open
 15388 | Lair:1   | XOM: mild Chrm miscast
 15520 | Lair:1   | XOM: enchant monster (bad)
 15521 | Lair:1   | XOM: confusion (+ monsters)
 15532 | Lair:1   | XOM: harmless Hex miscast
 15644 | Lair:1   | XOM: harmless Trmt miscast
 15797 | Lair:1   | XOM: 3-stop teleportation journey
 15805 | Lair:1   | XOM: silly message
 15971 | Lair:1   | XOM: vitrification
 15976 | Lair:1   | XOM: blink monster(s)
 16203 | Lair:1   | XOM: summons 3 friendly demons
 16326 | Lair:1   | XOM: 1-stop teleportation journey
 16382 | Lair:1   | XOM: medium Necr miscast
 16668 | Lair:2   | XOM: harmless Tloc miscast
 16846 | Lair:2   | XOM is BORED!
 16846 | Lair:2   | XOM: medium Air miscast
 16865 | Lair:2   | XOM: mild Divn miscast
 16983 | Lair:2   | XOM: noise
 17119 | Lair:2   | Reached skill level 5 in Armour
 17212 | Lair:2   | Noticed a five-headed hydra
 17221 | Lair:2   | XOM: severe Necr miscast
 17222 | Lair:2   | Noticed a reaper
 17222 | Lair:2   | XOM: smoke on damage
 17224 | Lair:2   | Annihilated by a reaper

Action                   |  1- 3 |  4- 6 |  7- 9 | 10-12 || total
-------------------------+-------+-------+-------+-------++-------
Melee: Falchion          |    80 |       |       |       ||    80
       Long sword        |    46 |   135 |   298 |   374 ||   853
       Dagger            |       |    64 |    80 |   102 ||   246
       Scimitar          |       |       |       |   190 ||   190
Evoke: Wand              |       |     6 |    10 |     3 ||    19
  Use: Scroll            |       |       |    13 |     6 ||    19
 Stab: Confused          |       |     3 |     2 |     5 ||    10
       Paralysed         |       |       |       |     3 ||     3
